General information
- name: BNet
- type: Ladder team game (AT/RT)
- host: Battle.net
- saver: BEAR_AND
map: RiverOfSouls
- players: 6
- length: 04:47
- speed: Fast
- version: 1.21 W3XP
- replay type:

» download(32 KB)
Players
team 1 (loser)
AlExAnDrE-X (
green | 72 APM | 345 actions | 04:45)
1 Archmage
1 Summon Water Elemental
» actions
| Assign group hotkey | 17 | |
| Build / train | 18 | |
| Enter build submenu | 10 | |
| Enter hero's abilities submenu | 1 | |
| Right click | 180 | |
| Select / deselect | 72 | |
| Select group hotkey | 36 | |
| Use ability | 11 | |
345 total
» units
» buildings
| Altar of Kings | 1 | |
| Farm | 4 | |
| Barracks | 1 | |
| Scout Tower | 1 | |
| Arcane Tower | 1 | |
| Keep | 1 | |
| Blacksmith | 1 | |
10 total
» build order
00:11 Altar of Kings
00:19 Farm
00:35 Barracks
01:00 Farm
01:40 Farm
01:43 Scout Tower
02:09 Arcane Tower
02:17 Farm
03:55 Keep
03:58 Blacksmith
free[win] (
pink | 74 APM | 348 actions | 04:43)
1 Keeper of the Grove
1 Entangling Roots
» actions
| Assign group hotkey | 14 | |
| Build / train | 26 | |
| Enter build submenu | 6 | |
| Enter hero's abilities submenu | 1 | |
| Remove unit from queue | 1 | |
| Right click | 228 | |
| Select / deselect | 61 | |
| Use ability | 11 | |
348 total
» units
» buildings
| Altar of Elders | 1 | |
| Moon Well | 2 | |
| Ancient of War | 2 | |
| Tree of Ages | 4 | |
9 total
» build order
00:09 Altar of Elders
00:21 Moon Well
01:12 Ancient of War
01:43 Ancient of War
02:00 Moon Well
03:58 Tree of Ages
03:59 Tree of Ages
03:59 Tree of Ages
lastxchance (
orange | 123 APM | 577 actions | 04:40)
1 Death Knight
1 Death Coil
» actions
| Assign group hotkey | 33 | |
| Basic commands | 1 | |
| Build / train | 18 | |
| Enter build submenu | 5 | |
| Enter hero's abilities submenu | 1 | |
| Give item / drop item | 1 | |
| Right click | 135 | |
| Select / deselect | 51 | |
| Select group hotkey | 325 | |
| Use ability | 7 | |
577 total
» units
» buildings
| Crypt | 1 | |
| Altar of Darkness | 1 | |
| Ziggurat | 2 | |
| Tomb of Relics | 1 | |
| Nerubian Tower | 1 | |
| Halls of the Dead | 1 | |
7 total
» build order
00:06 Crypt
00:12 Altar of Darkness
00:21 Ziggurat
00:38 Tomb of Relics
01:07 Ziggurat
02:05 Nerubian Tower
04:15 Halls of the Dead
» items
team 2 (winner)
BEAR_AND (
purple | 73 APM | 349 actions | 04:47)
1 Archmage
1 Blizzard
» actions
| Assign group hotkey | 1 | |
| Build / train | 31 | |
| Enter build submenu | 16 | |
| Enter hero's abilities submenu | 1 | |
| Right click | 187 | |
| Select / deselect | 70 | |
| Select group hotkey | 23 | |
| Use ability | 20 | |
349 total
» units
» upgrades
» buildings
| Altar of Kings | 1 | |
| Farm | 2 | |
| Lumber Mill | 1 | |
| Scout Tower | 11 | |
| Arcane Tower | 2 | |
| Guard Tower | 10 | |
27 total
» build order
00:05 Altar of Kings
00:08 Farm
00:33 Lumber Mill
00:43 Farm
01:35 Scout Tower
01:37 Scout Tower
02:02 Arcane Tower
02:04 Scout Tower
02:06 Guard Tower
02:06 Guard Tower
02:06 Guard Tower
02:11 Scout Tower
02:34 Guard Tower
02:36 Scout Tower
02:38 Guard Tower
02:38 Guard Tower
02:40 Scout Tower
03:04 Scout Tower
03:17 Guard Tower
03:18 Guard Tower
03:19 Scout Tower
03:37 Guard Tower
03:38 Scout Tower
03:53 Guard Tower
04:16 Arcane Tower
04:18 Scout Tower
04:22 Scout Tower

»
iggy_the_fisk (
teal | 100 APM | 479 actions | 04:46)
1 Blademaster
1 Wind Walk
» actions
| Assign group hotkey | 90 | |
| Build / train | 22 | |
| Enter build submenu | 10 | |
| Enter hero's abilities submenu | 1 | |
| Remove unit from queue | 1 | |
| Right click | 261 | |
| Select / deselect | 49 | |
| Select group hotkey | 30 | |
| Use ability | 15 | |
479 total
» units
» buildings
| Altar of Storms | 1 | |
| War Mill | 1 | |
| Orc Burrow | 1 | |
| Watch Tower | 6 | |
9 total
» build order
00:09 Altar of Storms
00:18 War Mill
00:29 Orc Burrow
01:48 Watch Tower
02:19 Watch Tower
03:38 Watch Tower
03:57 Watch Tower
03:59 Watch Tower
04:28 Watch Tower
TIMG4STRok (
yellow | 64 APM | 306 actions | 04:46)
1 Blademaster
1 Wind Walk
» actions
| Assign group hotkey | 2 | |
| Basic commands | 2 | |
| Build / train | 18 | |
| Enter build submenu | 14 | |
| Enter hero's abilities submenu | 1 | |
| Right click | 160 | |
| Select / deselect | 66 | |
| Select group hotkey | 16 | |
| Use ability | 27 | |
306 total
» units
» upgrades
» buildings
| War Mill | 1 | |
| Altar of Storms | 1 | |
| Orc Burrow | 2 | |
| Watch Tower | 7 | |
11 total
» build order
00:07 War Mill
00:41 Altar of Storms
00:50 Orc Burrow
01:44 Watch Tower
01:54 Watch Tower
02:11 Orc Burrow
02:57 Watch Tower
03:36 Watch Tower
03:55 Watch Tower
03:55 Watch Tower
04:41 Watch Tower
Chat log
(02:30 / All) lastxchance: joke?
(02:36 / All) iggy_the_fisk: your micro yea